 Dungeon Crawl Stone Soup version 0.30-a0-743-gbfdf073431 (webtiles) character file.

Game seed: 15813149241207423304

310 M4edhros the Insei (level 6, -18/38 HPs)
             Began as an Octopode Transmuter on Feb 7, 2023.
             Demolished by an ogre
             ... wielding a +0 giant spiked club
              (24 damage)
             ... on level 5 of the Dungeon.
             The game lasted 00:03:49 (1525 turns).

M4edhros the Insei (Octopode Transmuter)            Turns: 1525, Time: 00:03:50

Health: -18/38     AC:  1    Str:  9    XL:     6   Next: 41%
Magic:  8/8        EV: 13    Int: 16    God:
Gold:   72         SH:  0    Dex: 14    Spells: 4/9 levels left

rFire   . . .      SeeInvis +      - Unarmed
rCold   . . .      Faith    .    (no shield)
rNeg    . . .      Spirit   .    (helmet currently unavailable)
rPois   .          Reflect  .    (no amulet)
rElec   .          Harm     .    e - ring of see invisible
rCorr   .          Rampage  .    (no ring)
Will    .....                    (no ring)
Stlth   ++                       (no ring)
HPRegen 1.06/turn                (no ring)
MPRegen 0.11/turn                (no ring)
                                 (no ring)
                                 (no ring)

@: appendages
A: tentacle spike 3, almost no armour, amphibious, 8 rings, camouflage 1,
gelatinous body 1, (nimble swimmer 1), tentacles, antennae 1, low MP 1,
regeneration 1
a: End Transformation


You were on level 5 of the Dungeon.
One of your tentacles had grown a beastly spike.
You visited 1 branch of the dungeon, and saw 5 of its levels.

You collected 72 gold pieces.

Inventory:

Missiles
 f - 4 poisoned darts
 k - a boomerang of dispersal
Jewellery
 e - a ring of see invisible (left tentacle)
Scrolls
 b - a scroll of vulnerability {unknown}
 c - a scroll of summoning {unknown}
 d - 3 scrolls of teleportation {unknown}
 h - a scroll of enchant weapon {unknown}
 i - a scroll of magic mapping {unknown}
Potions
 a - 3 potions of brilliance


   Skills:
 - Level 1.0 Fighting
 - Level 2.0 Dodging
 + Level 5.0 Unarmed Combat
 - Level 2.0 Spellcasting
 + Level 4.4 Transmutations
 + Level 2.2 Ice Magic


You had 4 spell levels left.
You knew the following spells:

 Your Spells              Type           Power      Damage    Failure   Level
a - Beastly Appendage     Tmut           30%        N/A       3%          1
b - Ice Form              Ice/Tmut       12%        N/A       45%         4

Your spell library contained the following spells:

 Spells                   Type           Power      Damage    Failure   Level
 Wereblood                Tmut           15%        N/A       4%          2
 Spider Form              Tmut/Pois      8%         N/A       26%         3
 Freezing Cloud           Conj/Ice/Air   1%         6-21      99%         5
 Conjure Ball Lightning   Conj/Air       0%         3x3d6     100%        6
 Fire Storm               Conj/Fire      0%         6d1       100%        9


Dungeon Overview and Level Annotations

Branches:
Dungeon (5/15)
 Temple: D:4-7

Altars:


Innate Abilities, Weirdness & Mutations

One of your tentacles has grown a beastly spike.
You cannot wear most types of armour.
You are amphibious.
You can wear up to eight rings at the same time.
Your skin changes colour to match your surroundings (Stealth+).
Your rubbery body absorbs attacks. (AC +1, EV +1)
((You are camouflaged when in or above water. (Stealth+)))
You have tentacles for arms and can constrict up to eight enemies at once.
You have a pair of small antennae on your head.
Your magical capacity is low. (-10% MP)
Your natural rate of healing is unusually fast.


Message History

You closely miss the iguana.
The ogre shouts!
You grab the iguana.
You constrict the iguana, but do no damage.
The iguana bites you!
You tentacle-slap the iguana but do no damage.
You squeeze the iguana, but do no damage.
You constrict the iguana, but do no damage.
The iguana bites you!
Okay, then.
You tentacle-slap the iguana but do no damage.
You pierce the iguana.
You squeeze the iguana.
The iguana is moderately wounded.
You constrict the iguana, but do no damage.
The iguana closely misses you.
You tentacle-slap the iguana.
You pierce the iguana.
The iguana is heavily wounded.
You constrict the iguana. The iguana misses you.
You tentacle-slap the iguana but do no damage.
Your squeeze misses the iguana.
The iguana is severely wounded.
You constrict the iguana, but do no damage.
The iguana closely misses you.
You tentacle-slap the iguana.
You pierce the iguana, but do no damage.
Your squeeze misses the iguana.
The iguana is almost dead.
You constrict the iguana, but do no damage.
You tentacle-slap the iguana.
You kill the iguana!
You tentacle-slap the ogre.
You pierce the ogre.
The ogre is moderately wounded.
The ogre hits you with a +0 giant spiked club!!
Ouch! That really hurt!
* * * LOW HITPOINT WARNING * * *
You tentacle-slap the ogre.
Your tentacle spike misses the ogre.
The ogre is moderately wounded.
The ogre hits you with a +0 giant spiked club!!
Ouch! That really hurt!
You die...

......#.##.##..#.#.###
.........#.##..#.....#
.........#.##<...#.###
.........#.##.##.#.#
##.#.....'.#.....#.#
#.#.....#########.#
#.......'.......#..
###.....#######'### ##
#######......@.# ..
#......O.# #.....!..#
## #........... ..
#........#### ~~
........... ~≈
...........# #
..######.#.# .. .#.#


You could see an ogre.

Vanquished Creatures
  A vampire (D:5)
  2 iguanas
  An orc wizard (D:3)
  A gnoll (D:1)
  3 adders (D:4)
  2 worms
  6 orcs
  A bat (D:1)
  2 endoplasms (D:2)
  3 giant cockroaches
  4 goblins
  2 hobgoblins (D:1)
  A quokka (D:4)
  A ball python (D:1)
  8 kobolds
  2 rats
40 creatures vanquished.

Notes
Turn   | Place    | Note
-------+----------+-------------------------------------------
     0 | D:1      | M4edhros the Octopode Transmuter began the quest for the
                  | Orb.
     0 | D:1      | Reached XP level 1. HP: 13/13 MP: 3/3
   228 | D:1      | Reached XP level 2. HP: 18/18 MP: 5/5
   517 | D:2      | Reached XP level 3. HP: 16/23 MP: 6/6
   641 | D:3      | Reached skill level 4 in Unarmed Combat
   641 | D:3      | Reached XP level 4. HP: 10/28 MP: 7/7
   650 | D:3      | Got the Grimoire of the Airy Volcano
  1047 | D:5      | Entered Level 5 of the Dungeon
  1053 | D:5      | Gained mutation: You have a pair of small antennae on your
                  | head. [potion of mutation]
  1053 | D:5      | Gained mutation: Your magical capacity is low. (-10% MP)
                  | [potion of mutation]
  1053 | D:5      | Gained mutation: Your natural rate of healing is unusually
                  | fast. [potion of mutation]
  1254 | D:4      | Learned a level 4 spell: Ice Form
  1365 | D:5      | Noticed an ogre
  1367 | D:5      | Noticed a phantom
  1376 | D:4      | Reached XP level 5. HP: 10/33 MP: 5/7
  1435 | D:5      | Noticed a vampire
  1452 | D:5      | Killed a vampire
  1453 | D:5      | Reached skill level 5 in Unarmed Combat
  1453 | D:5      | Reached XP level 6. HP: 6/38 MP: 8/8
  1525 | D:5      | Demolished by an ogre

Illustrated notes

Levels and vault maps discovered:
D:1:      dpeg_arrival_connections, layout_loops_ring
D:2:      layout_loops_ring, basic_altar, serial_shops, shop_fountains,
          minmay_tree_intersection, chequers_serial_rivers_room_b,
          uniq_crazy_yiuf_cottage
D:3:      layout_loops_corners, pf_just_have_faith, kennysheep_generic_room_12
D:4:      layout_loops_ring, lemuel_coloured_pillars_altar
D:5:      layout_basic, minitemple, ebering_ghost_sewer_d, minmay_crystal_water,
          kennysheep_generic_room_7

Skill      XL: |  1  2  3  4  5 |
---------------+----------------+-----
Transmutations | 3 4 |  4.4
Unarmed Combat | 4 5 |  5.0
Ice Magic      | 2 |  2.2
Fighting       | |  1.0
Dodging        | |  2.0
Spellcasting   | |  2.0

Action                     |  1- 3 |  4- 6 || total
---------------------------+-------+-------++-------
  Melee: Unarmed           |    60 |    66 ||   126
         Constrict         |    11 |    15 ||    26
         Tentacles         |    11 |    16 ||    27
         Punch             |     3 |     2 ||     5
         Kick              |       |     8 ||     8
   Cast: Beastly Appendage |       |     4 ||     4
    Use: Potion            |     1 |     4 ||     5
   Stab: Sleeping          |     5 |     4 ||     9
 Armour: Skin              |    17 |    16 ||    33
  Dodge: Dodged            |    29 |    23 ||    52

Table legend: (Time is in decaauts)
 A = Elapsed time spent in this place.
 B = Non-inter-level travel time spent in this place.
 C = Inter-level travel time spent in this place.
 D = Time resting spent in this place.
 E = Time spent auto-exploring this place.
 F = Levels seen in this place.
 G = Mean time per level.
                   A        B        C        D        E       F      G
               +--------+--------+--------+--------+--------+-----+--------+
         Total |   1515 |   1473 |     42 |    153 |    845 |   5 |  303.0 |
       Dungeon |   1515 |   1473 |     42 |    153 |    845 |   5 |  303.0 |
               +--------+--------+--------+--------+--------+-----+--------+

Top non-repeatable levels by time:
     D:4: 648 daAuts
     D:1: 468 daAuts
     D:2: 146 daAuts
     D:5: 127 daAuts
     D:3: 125 daAuts
